 Dungeon Crawl Stone Soup version 0.25-a0-544-gee0576305d (webtiles) character file.

Game seed: 7152734031860507426, levelgen mode: deterministic

154 seba5609 the Grave Robber (level 5, 0/38 HPs)
             Began as a Mummy Necromancer on Feb 20, 2020.
             Was a Follower of Qazlal.
             Slain by a worker ant (3 damage)
             ... on level 8 of the Dungeon on Dec 7, 2022.
             The game lasted 00:15:26 (2666 turns).

seba5609 the Grave Robber (Mummy Necromancer)       Turns: 2666, Time: 00:15:27

Health: 0/38       AC:  4    Str: 12    XL:     5   Next: 13%
Magic:  12/12      EV: 12    Int: 19    God:    Qazlal [*.....]
Gold:   97         SH:  1    Dex: 12    Spells: 8/13 levels left

rFire    x . .     SeeInvis +   m - +2 hand axe (vorpal)
rCold    + . .     Gourm    .   (no shield)
rNeg     + + +     Faith    .   a - +0 robe
rPois    ∞         Spirit   .   (no helmet)
rElec    .         Reflect  .   (no cloak)
rCorr    .         Harm     .   d - +1 pair of gloves
MR       .....                  (no boots)
Stlth    ++........             (no amulet)
HPRegen  0.12/turn              e - +4 ring of intelligence
MPRegen  0.13/turn              f - ring of see invisible

@: no status effects
A: no food or potions, fire vulnerability, cold resistance 1, negative energy
resistance 3, torment resistance, unbreathing
a: Renounce Religion


You were on level 8 of the Dungeon.
You worshipped Qazlal.
Qazlal was aware of your devotion.
You were not hungry.

You visited 1 branch of the dungeon, and saw 8 of its levels.

You collected 97 gold pieces.

Inventory:

Hand Weapons
 m - a +2 vorpal hand axe (weapon)
Missiles
 i - a boomerang of dispersal (quivered)
Armour
 a - a +0 robe (worn)
 d - a +1 pair of gloves (worn)
 k - a +0 chain mail
Jewellery
 e - a +4 ring of intelligence (left hand)
 f - a ring of see invisible (right hand)
Scrolls
 b - a scroll of fog {unknown}
 c - 2 scrolls of identify {unknown}
 g - a scroll of teleportation {unknown}
 h - a scroll of immolation {unknown}
 j - a scroll of remove curse {unknown}
 l - 2 scrolls of blinking {unknown}


   Skills:
 + Level 2.0 Fighting
 + Level 0.6 Armour
 - Level 1.5 Dodging
 - Level 1.5 Stealth
 + Level 4.7 Spellcasting
 + Level 4.8 Necromancy


You had 8 spell levels left.
You knew the following spells:

 Your Spells              Type           Power        Failure   Level  Hunger
a - Pain                  Necr           ###.         1%          1    N/A
b - Animate Skeleton      Necr           N/A          1%          1    N/A
c - Vampiric Draining     Necr           ###.......   5%          3    N/A

Your spell library contained the following spells:

 Spells                   Type           Power        Failure   Level  Hunger
 Animate Dead             Necr           N/A          17%         4    N/A
 Agony                    Necr           ###.....     43%         5    N/A

Dungeon Overview and Level Annotations

Branches:
Dungeon (8/15)
 Temple: D:4-7         Lair: D:8-11

Altars:
Gozag
Qazlal
Wu Jian


Innate Abilities, Weirdness & Mutations

You do not eat or drink.
Your flesh is vulnerable to fire.
You are immune to poison.
Your flesh is cold resistant. (rC+)
You are immune to negative energy. (rN+++)
You are immune to unholy pain and torment.
You can survive without breathing.


Message History

The worker ant bites you. The leopard gecko misses you.
An adder comes into view.
The adder hisses angrily.
The worker ant bites you. The leopard gecko bites you.
The worker ant barely misses you. The leopard gecko barely misses you.
The worker ant bites you. The leopard gecko misses you.
The worker ant barely misses you.
The leopard gecko bites you but does no damage.
The worker ant barely misses you.
The leopard gecko bites you but does no damage.
The worker ant bites you. The leopard gecko bites you.
* * * LOW HITPOINT WARNING * * *
The worker ant closely misses you. The leopard gecko bites you.
* * * LOW HITPOINT WARNING * * *
The worker ant misses you. The leopard gecko bites you.
* * * LOW HITPOINT WARNING * * *
The worker ant bites you.
You die...

.#####>.....
.....#..#..######...
............<.......
......$.#....#.#....
.............# # .
#..........#
#..###.###..# #a#
##..# #@# ##... #l#
###. #h# .


olS o#o #...# .#.#. .#.#. You could see an orc warrior, an iguana, a hound, a
worker ant, an orc wizard, an adder, an orc and a leopard gecko.

Vanquished Creatures
  7 adders
  An ooze (D:3)
  A worm (D:3)
  2 leopard geckos
  5 orcs (D:3)
  A ball python (D:1)
  2 giant cockroaches (D:3)
  8 goblins
  6 hobgoblins
  7 jackals
  6 kobolds
  2 quokkas
  12 bats
  8 frilled lizards
  7 rats
75 creatures vanquished.

Vanquished Creatures (collateral kills)
  An orc (D:3)
1 creature vanquished.

Grand Total: 76 creatures vanquished

Notes
Turn   | Place    | Note
-------+----------+-------------------------------------------
     0 | D:1      | seba5609 the Mummy Necromancer began the quest for the Orb.
     0 | D:1      | Reached XP level 1. HP: 13/13 MP: 4/4
     2 | D:1      | Learned a level 1 spell: Animate Skeleton
   154 | D:1      | Reached XP level 2. HP: 19/19 MP: 0/6
   802 | D:2      | Reached skill level 1 in Fighting
   802 | D:2      | Reached XP level 3. HP: 13/26 MP: 2/8
  1019 | D:2      | Learned a level 3 spell: Vampiric Draining
  1035 | D:2      | Found an ornate altar of the Wu Jian Council.
  1467 | D:2      | Reached XP level 4. HP: 26/32 MP: 2/10
  1738 | D:3      | Found a stormy altar of Qazlal.
  1762 | D:3      | Became a worshipper of Qazlal Stormbringer
  1877 | D:3      | Found an opulent altar of Gozag.
  2145 | D:3      | Reached XP level 5. HP: 38/38 MP: 3/12
  2147 | D:3      | Reached * piety under Qazlal
  2620 | D:5      | Entered Level 5 of the Dungeon
  2654 | D:8      | Noticed an orc warrior
  2666 | D:8      | Slain by a worker ant

Levels and vault maps discovered:
D:1:      dpeg_arrival_shrine, layout_loops_ring
D:2:      layout_loops_corners, lemuel_doored_altar, kennysheep_generic_room_13
D:3:      layout_loops_ring, lemuel_coloured_pillars_altar,
          minmay_tree_intersection, minmay_stone_trees_small,
          grunt_qazlal_clouds
D:4:      layout_basic, lightli_temple_of_fire, nicolae_ru_awakened_eye
D:5:      layout_basic, first_ration, uniq_duvessa, uniq_ijyb, uniq_sigmund
D:6:      layout_gridville, tso_altar,
          chequers_temple_overflow_statue_of_worship, serial_undead,
          serial_undead_e, serial_undead_b, serial_undead_e, serial_undead_e
D:7:      layout_basic, nemelex_xobeh_ov_fountains_minmay,
          minmay_temple_entry_mist
D:8:      minmay_the_grid_octo_tiled_octocenter [minmay_the_grid_octo_chip,
          minmay_the_grid_octo_clover, minmay_the_grid_octo_vomiting_pacman,
          minmay_the_grid_octo_fat_diamond, minmay_the_grid_octo_prize_big_c,
          minmay_the_grid_square_5x5_c, minmay_the_grid_square_5x5_three,
          minmay_the_grid_square_5x5_trominoes,
          minmay_the_grid_square_5x5_bite], layout_basic,
          hangedman_pestilent_swarm

Skill      XL: |  1  2  3  4 |
---------------+-------------+-----
Spellcasting   | 3 4 |  4.7
Fighting       | 1 2 |  2.0
Armour         | |  0.6
Dodging        | |  1.5
Stealth        | |  1.5
Necromancy     | |  4.8

Action                   |  1- 3 |  4- 6 || total
-------------------------+-------+-------++-------
Melee: Unarmed           |    33 |       ||    33
       Mace              |     9 |     3 ||    12
       Hand axe          |       |     6 ||     6
 Cast: Pain              |    68 |    56 ||   124
       Animate Skeleton  |     9 |     5 ||    14
Armor: Robe              |    21 |    13 ||    34
Dodge: Dodged            |    36 |    38 ||    74
Block: Other             |       |     3 ||     3

Table legend:
 A = Non-vault XP
 B = Vault XP
 C = Vault XP percentage of total XP
 D = Non-vault monster count
 E = Vault monster count
 F = Vault count percentage of total count
                 A         B        C        D         E       F
            +---------+---------+-------+---------+---------+-------
      Total |     220 |       0 |   0.0 |      76 |       0 |   0.0
            +---------+---------+-------+---------+---------+-------
        D:1 |      35 |       0 |   0.0 |      22 |       0 |   0.0
        D:2 |      75 |       0 |   0.0 |      17 |       0 |   0.0
        D:3 |      96 |       0 |   0.0 |      36 |       0 |   0.0
        D:4 |      14 |       0 |   0.0 |       1 |       0 |   0.0
            +---------+---------+-------+---------+---------+-------
